 Dungeon Crawl Stone Soup version 0.27-a0-1154-gfdeffcb720 (webtiles) character file.

Game seed: 1605877753090627826

490 rocky1 the Shield-Bearer (level 7, -5/44 HPs)
             Began as a Gargoyle Fighter on May 15, 2021.
             Killed by divine providence
             ... invoked by an orc priest
              (9 damage)
             ... on level 4 of the Dungeon.
             The game lasted 00:08:48 (4386 turns).

rocky1 the Shield-Bearer (Gargoyle Fighter)         Turns: 4386, Time: 00:08:48

Health: -5/44      AC: 13    Str: 20    XL:     7   Next: 14%
Magic:  7/7        EV:  8    Int:  9    God:
Gold:   184        SH:  9    Dex: 10    Spells: 6/6 levels left

rFire    . . .     SeeInvis .   a - +0 flail
rCold    . . .     Faith    .   c - +0 kite shield
rNeg     + . .     Spirit   .   b - +0 scale mail
rPois    ∞         Reflect  .   f - +0 hat
rElec    +         Harm     .   m - +0 cloak
rCorr    .         Rampage  .   (no gloves)
Will     .....                  (no boots)
Stlth    ..........             (no amulet)
HPRegen  0.14/turn              (no ring)
MPRegen  0.10/turn              (no ring)

@: no status effects
A: sickness immunity, AC +4, negative energy resistance 1, electricity
resistance, torment resistance 1, petrification resistance
a: no special abilities


You were on level 4 of the Dungeon.
You visited 1 branch of the dungeon, and saw 4 of its levels.

You collected 184 gold pieces.

Inventory:

Hand Weapons
 a - a +0 flail (weapon)
Armour
 b - a +0 scale mail (worn)
 c - a +0 kite shield (worn)
 f - a +0 hat (worn)
 m - a +0 cloak (worn)
Jewellery
 g - a ring of ice
Scrolls
 e - a scroll of identify
 h - a scroll of enchant weapon {unknown}
 i - a scroll of enchant armour {unknown}
 j - a scroll of noise {unknown}
 l - a scroll of teleportation {unknown}


   Skills:
 + Level 4.5 Fighting
 + Level 4.5 Maces & Flails
 + Level 4.7 Armour
 + Level 1.8 Dodging
 + Level 0.3 Stealth
 + Level 4.7 Shields


You had 6 spell levels left.
You didn't know any spells.
Your spell library contained the following spells:

 Spells                   Type           Power      Damage    Failure   Level
 Animate Skeleton         Necr           0%         N/A       99%         1
 Pain                     Necr           0%         1d4       99%         1
 Vampiric Draining        Necr           0%         2d6       100%        3
 Animate Dead             Necr           0%         N/A       100%        4
 Agony                    Necr           0%         N/A       100%        5


Dungeon Overview and Level Annotations

Branches:
Dungeon (4/15)
 Temple: D:4-7

Altars:
Dithmenos
Sif Muna

Shops:
D:3 (


Innate Abilities, Weirdness & Mutations

You are immune to sickness and miasma.
Your stone body is resilient. (AC +4)
You are immune to poison.
You resist negative energy. (rN+)
You are resistant to electric shocks. (rElec)
You are resistant to unholy torment.
You are immune to petrification.


Message History

You closely miss the orc priest.
The orc priest is severely wounded.
The orc priest hits you with a +0 mace.
The orc priest hits you but does no damage.
You sock the orc priest!
You kill the orc priest!
The orc priest hits you but does no damage. x2
You closely miss the orc priest.
The orc priest hits you but does no damage.
You barely miss the orc priest. The orc closely misses you.
You block the orc priest's attack.
You sock the orc priest!
The orc priest is almost dead.
The orc hits you but does no damage.
The orc priest hits you but does no damage.
The orc hits you but does no damage.
The orc priest hits you but does no damage.
You closely miss the orc priest.
The orc priest is almost dead.
The orc hits you but does no damage.
The orc priest invokes the aid of Beogh against you.
Beogh smites you!
* * * LOW HITPOINT WARNING * * *
You barely miss the orc priest.
The orc priest is almost dead.
The orc hits you with a +0 whip.
* * * LOW HITPOINT WARNING * * *
The orc priest miscasts a cantrip.
The orc hits you with a +0 whip.
* * * LOW HITPOINT WARNING * * *
You block the orc priest's attack.
You hit the orc priest.
You kill the orc priest!
The orc hits you but does no damage.
Unknown command.
Items here: ( ))))) [[ ††††.
There is a stone staircase leading down here.
The orc priest calls down the wrath of Beogh upon you.
Beogh smites you!
You die...

# #..... # .. ######..###
.# ... #.........##.#
....####.##.#..#....#
.........##.#..#..####
.........o.).........#
.##.###.###.####.....#####
.##.###o....#####........#
.........o@...###.##)###.#
.######........#..)..###.#
####........#)###.....#
#...........#)# #.#####
###...........#.###.###
..............#........
$...................###
...............######
.....#..........<#


You could see an orc priest and an orc.

Vanquished Creatures
  A phantom (D:4)
  A water moccasin zombie (D:2)
  A howler monkey (D:4)
  A jelly (D:2)
  A hound (D:4)
  2 orc priests (D:4)
  An orc wizard (D:4)
  A howler monkey zombie (D:3)
  4 adders
  3 gnolls (D:3)
  2 dart slugs
  12 orcs
  4 endoplasms
  4 giant cockroaches
  5 goblins
  7 hobgoblins
  6 jackals (D:1)
  11 kobolds
  2 quokkas (D:1)
  5 ball pythons
  4 bats
  3 frilled lizards
  2 rats
83 creatures vanquished.

Notes
Turn   | Place    | Note
-------+----------+-------------------------------------------
     0 | D:1      | rocky1 the Gargoyle Fighter began the quest for the Orb.
     0 | D:1      | Reached XP level 1. HP: 14/14 MP: 1/1
   173 | D:1      | Reached XP level 2. HP: 19/19 MP: 2/2
   387 | D:1      | Found a faded altar of an unknown god.
   839 | D:1      | Reached XP level 3. HP: 21/23 MP: 3/3
  1361 | D:2      | Reached XP level 4. HP: 11/28 MP: 4/4
  1531 | D:2      | Reached XP level 5. HP: 26/33 MP: 5/5
  1594 | D:2      | Found a shimmering blue altar of Sif Muna.
  2483 | D:3      | Found Ymofi's Weapon Boutique.
  2485 | D:3      | Found a shadowy altar of Dithmenos.
  2770 | D:3      | Reached XP level 6. HP: 9/38 MP: 6/6
  3617 | D:4      | Reached skill level 1 in Dodging
  4366 | D:4      | Reached XP level 7. HP: 43/44 MP: 7/7
  4386 | D:4      | Killed from afar by an orc priest

Illustrated notes

Levels and vault maps discovered:
D:1:      grunt_arrival_lava_bath, layout_loops_ring,
          ebering_ecumenical_altar_box
D:2:      layout_basic, basic_altar, lemuel_old_faithful
D:3:      layout_loops_cross, grunt_dithmenos_smoke_and_mirrors, serial_shops,
          nicolae_shop_window_shopping, minmay_goblin_kobold_house
D:4:      layout_basic, grunt_temple_overflow_bloody_war,
          hangedman_feature_mirror, uniq_sigmund, uniq_robin, uniq_pikel

Skill      XL: |  1  2  3  4  5  6 |
---------------+-------------------+-----
Armour         | 4 |  4.7
Maces & Flails | 3 4 |  4.5
Shields        | 4 |  4.7
Fighting       | 4 |  4.5
Dodging        | 1 |  1.8
Stealth        | |  0.3

Action                   |  1- 3 |  4- 6 |  7- 9 || total
-------------------------+-------+-------+-------++-------
Melee: Flail             |    94 |   275 |    14 ||   383
  Use: Potion            |       |     5 |       ||     5
       Scroll            |       |     1 |       ||     1
Armor: Scale mail        |    60 |   176 |    11 ||   247
Dodge: Dodged            |    38 |   104 |     3 ||   145
Block: Kite shield       |    79 |   158 |     5 ||   242

Table legend: (Time is in decaauts)
 A = Elapsed time spent in this place.
 B = Non-inter-level travel time spent in this place.
 C = Inter-level travel time spent in this place.
 D = Time resting spent in this place.
 E = Time spent auto-exploring this place.
 F = Levels seen in this place.
 G = Mean time per level.
                   A        B        C        D        E       F      G
               +--------+--------+--------+--------+--------+-----+--------+
         Total |   4545 |   4456 |     89 |   1150 |   2449 |   4 | 1136.2 |
       Dungeon |   4545 |   4456 |     89 |   1150 |   2449 |   4 | 1136.2 |
               +--------+--------+--------+--------+--------+-----+--------+

Top non-repeatable levels by time:
     D:3: 1301 daAuts
     D:1: 1199 daAuts
     D:2: 1168 daAuts
     D:4: 876 daAuts
